 Dungeon Crawl Stone Soup version 0.27-a0-287-gd4424db430 (webtiles) character file.

Game seed: 6734247561049865175

1833108 lawman0 the Ruinous (level 27, 184/184 HPs)
             Began as a Human Fire Elementalist on Feb 7, 2021.
             Was the Champion of Vehumet.
             Escaped with the Orb
             ... and 4 runes on Oct 3, 2021!
             The game lasted 05:49:38 (118094 turns).

lawman0 the Ruinous (Human Fire Elementalist)     Turns: 118094, Time: 05:49:39

Health: 184/184    AC: 20    Str: 10    XL:     27
Magic:  49/49      EV: 22    Int: 25    God:    Vehumet [******]
Gold:   3043       SH: 14    Dex: 12    Spells: 1/70 levels left

rFire    + + .     SeeInvis +   b - staff of conjuration
rCold    + + +     Faith    .   x - +3 buckler {AC+3}
rNeg     + . .     Spirit   .   f - +2 robe {rC+ rF+}
rPois    .         Reflect  +   i - +2 helmet {SInv}
rElec    +         Harm     .   Q - +2 cloak {rCorr}
rCorr    +         Rampage  .   n - +2 pair of gloves
Will     ++...                  r - +2 pair of boots {Fly}
Stlth    +.........             C - amulet of reflection
HPRegen  0.40/turn              o - ring of protection from fire
MPRegen  0.31/turn              h - ring of Equilibrium {rElec rC++ rN+}

@: flying, hasted, studying 2 skills, very quick
A: hooves 2, repulsion field 1, clumsy 1, dopey 1, frail 1, wild magic 1
0: Orb of Zot
}: 4/15 runes: barnacled, slimy, silver, gossamer
a: Stop Flying, Renounce Religion


You escaped.
You worshipped Vehumet.
Vehumet was exalted by your worship.
You visited 12 branches of the dungeon, and saw 58 of its levels.
You also visited: Ice Cave.

You collected 11003 gold pieces.
You spent 7960 gold pieces at shops.

Inventory:

Hand Weapons
 a - a +9 vorpal demon trident
Armour
 f - a +2 robe of resistance (worn)
 i - a +2 helmet of see invisible (worn)
 n - a +2 pair of gloves (worn)
 r - a +2 pair of boots of flying (worn)
 x - a +3 buckler of protection (worn)
 J - the cursed +0 helmet of the Bard {rPois Int+3}
   (You found it on level 3 of the Realm of Zot)

   It affects your intelligence (+3).
   It protects you from poison.
   It has a curse placed upon it.
 Q - a +2 cloak of preservation (worn)
Magical Staves
 b - an uncursed staff of conjuration (weapon)
Jewellery
 h - the ring of Equilibrium (right hand) {rElec rC++ rN+}
   (You found it on level 3 of the Crypt)

   [ring of positive energy]

   It greatly protects you from cold.
   It insulates you from electricity.
   It protects you from negative energy.
 o - a ring of protection from fire (left hand)
 p - an uncursed ring of poison resistance
 C - an amulet of reflection (around neck)
 E - an uncursed ring of willpower
 X - an uncursed ring of resist corrosion
Wands
 v - a wand of acid (7)
 y - a wand of random effects (118)
 z - a wand of flame (73)
 A - a wand of iceblast (1)
 D - a wand of mindburst (32)
 S - a wand of charming (20)
 U - a wand of paralysis (24)
 W - a wand of polymorph (30)
Scrolls
 d - 5 scrolls of fog
 e - 3 scrolls of summoning
 j - 25 scrolls of identify
 m - 33 scrolls of remove curse
 s - 5 scrolls of teleportation
 F - a scroll of brand weapon
 H - 2 scrolls of magic mapping
 I - 3 scrolls of silence
 M - a scroll of amnesia
 O - 7 scrolls of fear
Potions
 l - 7 potions of might
 u - 2 potions of mutation
 w - 13 potions of curing
 G - 7 potions of invisibility
 K - 3 potions of resistance
 N - 4 potions of cancellation
 R - 3 potions of brilliance
 T - 14 potions of ambrosia
Miscellaneous
 t - a phantom mirror
 L - a phial of floods
 P - a lightning rod (4/4)
 V - a box of beasts
 Y - a condenser vane
 Z - a tin of tremorstones (2/2)


   Skills:
 + Level 14.5 Fighting
 + Level 6.5 Armour
 + Level 15.0 Dodging
 - Level 6.0 Stealth
 * Level 9.3 Shields
 * Level 22.4 Spellcasting
 * Level 26.3 Conjurations
 + Level 2.5 Necromancy
 + Level 12.5 Translocations
 * Level 11.2 Transmutations
 * Level 23.5 Fire Magic
 + Level 9.3 Ice Magic
 + Level 8.1 Air Magic
 + Level 0.8 Poison Magic
 + Level 7.4 Evocations


You had one spell level left.
You knew the following spells:

 Your Spells              Type           Power        Failure   Level
a - Magic Dart            Conj           100%         1%          1
b - Orb of Destruction    Conj           71%          1%          7
c - Animate Dead          Necr           25%          8%          4
d - Fireball              Conj/Fire      69%          1%          5
e - Swiftness             Air            73%          1%          2
f - Apportation           Tloc           100%         1%          1
g - Starburst             Conj/Fire      69%          1%          6
h - Freezing Cloud        Conj/Ice/Air   57%          1%          6
i - Blink                 Tloc           N/A          1%          2
j - Fire Storm            Conj/Fire      69%          2%          9
k - Alistair's Intoxicat  Tmut/Pois      44%          5%          5
l - Dispersal             Tloc           43%          2%          6
m - Teleport Other        Tloc           87%          1%          3
n - Ignition              Fire           56%          1%          8
o - Passage of Golubria   Tloc           N/A          1%          4

Your spell library contained the following spells:

 Spells                   Type           Power        Failure   Level
 Lehudib's Crystal Spear  Conj/Erth      55%          14%         8
 Absolute Zero            Ice            38%          100%        9
 Animate Skeleton         Necr           100%         1%          1
 Beastly Appendage        Tmut           100%         1%          1
 Foxfire                  Conj/Fire      100%         1%          1
 Freeze                   Ice            100%         1%          1
 Pain                     Necr           100%         1%          1
 Sandblast                Erth           72%          1%          1
 Shock                    Conj/Air       100%         1%          1
 Corona                   Hex            40%          2%          1
 Summon Small Mammal      Summ           100%         2%          1
 Corpse Rot               Necr/Air       N/A          1%          2
 Ensorcelled Hibernation  Hex/Ice        100%         1%          2
 Passwall                 Tmut/Erth      53%          1%          2
 Poisonous Vapours        Pois/Air       100%         1%          2
 Searing Ray              Conj           100%         1%          2
 Sublimation of Blood     Necr           25%          1%          2
 Wereblood                Tmut           83%          1%          2
 Conjure Flame            Conj/Fire      100%         1%          3
 Dazzling Flash           Conj/Hex       100%         1%          3
 Frozen Ramparts          Ice            100%         1%          3
 Gell's Gravitas          Tloc           43%          1%          3
 Ignite Poison            Fire/Tmut/Pois 85%          1%          3
 Inner Flame              Hex/Fire       85%          1%          3
 Lesser Beckoning         Tloc           43%          1%          3
 Mephitic Cloud           Conj/Pois/Air  100%         1%          3
 Ozocubu's Armour         Ice            77%          1%          3
 Portal Projectile        Hex/Tloc       100%         1%          3
 Spider Form              Tmut/Pois      33%          1%          3
 Static Discharge         Conj/Air       100%         1%          3
 Stone Arrow              Conj/Erth      100%         1%          3
 Airstrike                Air            36%          1%          4
 Fulminant Prism          Conj/Hex       55%          1%          4
 Hailstorm                Conj/Ice       100%         1%          4
 Ice Form                 Ice/Tmut       80%          1%          4
 Iskenderun's Mystic Bla  Conj/Tloc      100%         1%          4
 Sticky Flame             Conj/Fire      100%         1%          4
 Blade Hands              Tmut           41%          1%          5
 Bolt of Magma            Conj/Fire/Erth 60%          1%          5
 Irradiate                Conj/Tmut      63%          1%          5
 Iskenderun's Battlesphe  Conj           100%         1%          5
 Lightning Bolt           Conj/Air       61%          1%          5
 Conjure Ball Lightning   Conj/Air       61%          1%          6
 Iron Shot                Conj/Erth      55%          1%          6
 Petrify                  Tmut/Erth      64%          2%          4
 Call Imp                 Summ           36%          3%          2
 Slow                     Hex            36%          3%          2
 Vampiric Draining        Necr           25%          3%          3
 Summon Ice Beast         Ice/Summ       61%          3%          4
 Summon Lightning Spire   Summ/Air       58%          4%          4
 Hydra Form               Tmut           41%          4%          6
 Summon Forest            Summ/Tloc      33%          5%          5
 Call Canine Familiar     Summ           36%          7%          3
 Confusing Touch          Hex            36%          7%          3
 Summon Guardian Golem    Hex/Summ       36%          7%          3
 Tukima's Dance           Hex            36%          7%          3
 Eringya's Noxious Bog    Tmut/Pois      33%          7%          6
 Silence                  Hex/Air        29%          12%         5
 Lee's Rapid Deconstruct  Erth           18%          13%         5
 Dragon Form              Tmut           41%          17%         7
 Animate Armour           Summ/Erth      72%          21%         4
 Leda's Liquefaction      Hex/Erth       18%          21%         4
 Excruciating Wounds      Necr           25%          21%         5
 Simulacrum               Ice/Necr       33%          26%         6
 Borgnjor's Vile Clutch   Necr/Erth      22%          30%         5
 Statue Form              Tmut/Erth      42%          30%         6
 Summon Mana Viper        Hex/Summ       36%          45%         5
 Disjunction              Tloc           43%          56%         8
 Death Channel            Necr           25%          67%         6
 Malign Gateway           Summ/Tloc      33%          73%         7
 Invisibility             Hex            36%          95%         6
 Shadow Creatures         Summ           N/A          95%         6
 Summon Hydra             Summ           18%          100%        7
 Discord                  Hex            18%          100%        8
 Shatter                  Erth           18%          100%        9
 Tornado                  Air            36%          100%        9


Dungeon Overview and Level Annotations

Branches:
Dungeon (15/15)            Temple (1/1) D:7            Lair (6/6) D:11
 Shoals (4/4) Lair:3       Spider (4/4) Lair:4        Slime (5/5) Lair:6
    Orc (2/2) D:9             Elf (3/3) Orc:2        Vaults (5/5) D:13
  Crypt (3/3) Vaults:3       Tomb (0/3) Crypt:3      Depths (5/5) D:15
    Zot (5/5) Depths:5      IceCv (visited)

Altars:
Ashenzari
Cheibriados
Gozag
Hepliaklqana
Kikubaaqudgha
Makhleb
Nemelex Xobeh
Qazlal
Sif Muna
Trog
Vehumet
Wu Jian
Yredelemnul
Zin
The Shining One
Beogh

Shops:
D:6 *   D:10 :   D:15 *   Orc:2 :(*[(   Shoals:3 !   Vaults:2 ?![[   Vaults:3 (
Vaults:4 ?   Depths:1 =::   Depths:5 ?

Portals:
Hell: Depths:1 Depths:2 Depths:3 Depths:4 Depths:5
Abyss: Depths:3 Depths:4 Depths:5
Pandemonium: Depths:1 Depths:3
Ziggurat: Depths:5

Annotations:
Slime:2 exclusion: upstairs
Elf:2 3 runed translucent doors, exclusion: obsidian statue, mortress's ghost, journeyman FeBe
Crypt:1 3 runed translucent doors, exclusion: obsidian statue, Hynnuzim's ghost, veteran CeHu
Depths:3 2 transporters, Cozefen's ghost, adept DgCj
Zot:5 1 exclusion


Innate Abilities, Weirdness & Mutations

You have hoof-like feet.
You are surrounded by a mild repulsion field. (EV +2)
You are clumsy. (Dex -2)
You are dopey. (Int -2)
You are frail. (-10% HP)
Your spells are a little harder to cast, but a little more powerful.


Message History

Unknown command.
There is a stone staircase leading up here.
You fly upwards.
There is a stone staircase leading down here.
Unknown command.
As you open the door, it creaks loudly!
There is an open door here.
There is a stone staircase leading up here.
Unknown command.
You fly upwards.
There is a stone staircase leading down here.
Unknown command.
There is a stone staircase leading up here.
You fly upwards.
There is a stone staircase leading down here.
Magic restored.
An orange demon comes into view.
You feel yourself speed up. You block the orange demon's attack.
There is a staircase leading out of the dungeon here.
You have escaped!

##[..##
##.....##
##.......##
#..4......#
####.........#
#............#
#.##.........#
♣♣♣.♣♣♣♣♣......#
♣@......♣.....##
♣.PPPPP.♣......#
♣.P≈≈≈P.♣......#
♣.P≈8≈P.♣......#
♣.P≈≈≈P.♣......#
♣.PPPPP.♣......#
♣.......♣.....##
♣♣♣♣♣♣♣♣♣....##
######


There were no monsters in sight!

Vanquished Creatures
  the Royal Jelly (Slime:5)
  Dissolution (Slime:2)
  6 dread liches
  Mara (Depths:1)
  An orb of fire (Zot:5)
  6 ancient liches (Zot:5)
  A pandemonium lord (Zot:4)
  Boris (Depths:3)
  Bai Suzhen (Shoals:4)
  A Killer Klown (Zot:5)
  Frederick (Crypt:3)
  3 caustic shrikes
  A caustic shrike (shapeshifter) (Vaults:5)
  3 curse toes
  6 golden dragons
  3 bone dragons
  2 electric golems (Zot:5)
  An Ice Fiend (D:5)
  A Hell Sentinel (Depths:4)
  12 tentacled monstrosities
  5 liches
  A shard shrike skeleton (Crypt:2)
  7 titans
  3 deep elf blademasters
  16 Orb Guardians
  15 quicksilver dragons
  2 deep elf master archers (Elf:3)
  Polyphemus (Shoals:2)
  The ghost of Forgeling the Bewitcher, an adept FeEn of Dithmenos (Vaults:2)
  33 acid blobs
  10 ancient champions
  Kirke (Spider:1)
  6 death cobs
  6 sphinxes
  2 revenants
  13 storm dragons
  3 tengu reavers
  3 draconian monks
  18 azure jellies
  3 shadow dragons
  5 draconian knights
  17 fire giants
  5 draconian scorchers
  6 draconian shifters
  18 deep elf sorcerers
  14 vault wardens
  3 iron dragons
  14 frost giants
  9 ghost moths
  2 orc warlords
  3 emperor scorpions (Spider:4)
  3 deep elf elementalists
  A cacodemon (Depths:3)
  9 ghouls
  5 curse skulls (Crypt:3)
  A balrug (Depths:3)
  A war gargoyle (Vaults:5)
  2 draconian annihilators
  3 draconian stormcallers
  20 ironheart preservers
  22 stone giants
  3 caustic shrike skeletons (Crypt:3)
  14 very ugly things
  13 vampire knights
  3 spriggan defenders
  A corrupter (D:5)
  6 black draconians
  8 deep elf demonologists
  7 deep elf annihilators
  11 green draconians
  An entropy weaver (Vaults:5)
  10 red draconians
  6 yellow draconians
  7 purple draconians
  5 spark wasps
  15 deep elf death magi
  3 white draconians
  4 merfolk javelineers (Shoals:4)
  3 eidola
  7 merfolk impalers
  6 fire dragons
  16 ettins
  A mummy priest (Crypt:3)
  2 jiangshi (Crypt:2)
  3 death oozes (Slime:5)
  17 great orbs of eyes
  8 rakshasas
  7 boulder beetles
  15 ice dragons
  20 yaktaur captains
  2 hydras
  7 deep elf high priests
  Harold (Orc:1)
  3 monstrous demonspawn
  25 vault guards
  Erolcha (D:12)
  2 catoblepae
  A catoblepas (shapeshifter) (Depths:4)
  2 merfolk aquamancers
  13 ogre magi
  An anaconda (shapeshifter) (Depths:1)
  15 centaur warriors
  4 spriggan air magi
  A merfolk avatar (Shoals:2)
  33 two-headed ogres
  Erica (D:8)
  9 death knights
  32 dancing weapons
  3 satyrs
  13 death yaks
  10 deep troll earth magi
  5 orc high priests
  6 tengu warriors
  7 vampire magi
  An alligator snapping turtle (Shoals:1)
  7 deep troll shamans
  A soul eater (Crypt:2)
  A storm dragon zombie (Crypt:1)
  3 sun demons (Depths:3)
  4 spriggan berserkers
  A hell knight (Depths:2)
  25 deep elf knights
  3 titan skeletons (Crypt:3)
  4 shadow wraiths
  2 storm dragon skeletons
  A quicksilver dragon simulacrum (Crypt:3)
  29 skeletal warriors
  An iron troll (Depths:3)
  4 bog bodies (Crypt:3)
  13 flayed ghosts
  An orange crystal statue (Zot:5)
  A swamp dragon (shapeshifter) (Depths:2)
  30 deep trolls
  3 unseen horrors
  3 sea snakes
  6 glowing orange brains
  An anaconda skeleton (Crypt:3)
  A sea snake (shapeshifter) (Elf:1)
  18 phantasmal warriors
  A glowing orange brain (shapeshifter) (Vaults:4)
  A lindwurm (Lair:6)
  A golden dragon skeleton (Crypt:3)
  12 wizards
  A lindwurm (shapeshifter) (Elf:2)
  24 deep elf archers
  38 wolf spiders
  18 ironbrand convokers
  40 deep elf pyromancers
  10 necromancers
  17 orc knights
  A wolf spider (shapeshifter) (Vaults:5)
  30 deep elf zephyrmancers
  11 orb spiders
  9 harpies
  38 ugly things
  2 shadow dragon zombies
  A tengu skeleton (Vaults:3)
  7 shining eyes
  11 manticores
  A shadow dragon skeleton (Crypt:2)
  5 oklob plants
  8 orc sorcerers
  A large abomination (Zot:4)
  19 elephants
  2 fire giant skeletons (Crypt:3)
  12 fauns
  2 frost giant skeletons
  27 moths of wrath
  5 human skeletons
  3 guardian serpents (shapeshifter)
  A rust devil (D:5)
  An eye of devastation (shapeshifter) (Vaults:1)
  8 merfolk sirens
  7 cyclopes
  7 black mambas
  4 ice statues
  2 eyes of devastation
  A stone giant skeleton (Vaults:3)
  18 vault sentinels
  A gargoyle (D:13)
  2 centaur skeletons
  A dire elephant zombie (Crypt:1)
  A black mamba (shapeshifter) (Vaults:4)
  16 cane toads
  8 torpor snails
  4 water nymphs
  An orange demon (Depths:3)
  2 human zombies (Vaults:4)
  A rime drake (shapeshifter) (Vaults:1)
  A rime drake (Lair:3)
  A shock serpent skeleton (Crypt:2)
  3 dire elephant skeletons (Crypt:3)
  2 cane toads (shapeshifter)
  A hellion (Lair:6)
  A yellow draconian zombie (Crypt:3)
  A yaktaur zombie (Depths:1)
  58 yaktaurs
  12 komodo dragons
  A catoblepas zombie (Crypt:3)
  8 ice devils
  13 demonic crawlers
  6 guardian mummies (Crypt:3)
  12 freezing wraiths
  2 tengu conjurers (Depths:1)
  A catoblepas skeleton (Crypt:3)
  2 komodo dragons (shapeshifter)
  2 tengu simulacra
  A death yak skeleton (Crypt:1)
  A harpy zombie (Crypt:2)
  22 merfolk
  2 yaktaur skeletons (Vaults:3)
  7 trolls
  16 polar bears
  A queen bee (D:11)
  2 polar bears (shapeshifter)
  A jumping spider (shapeshifter) (Depths:3)
  4 tyrant leeches (Lair:6)
  A harpy skeleton (Crypt:3)
  33 jumping spiders
  3 meliai (D:15)
  3 wind drakes
  9 blink frogs
  18 hornets
  135 slime creatures
  6 snapping turtles
  2 raiju (Lair:6)
  An ettin zombie (Crypt:2)
  2 stone giant simulacra
  2 dream sheep (Lair:2)
  3 spriggans
  8 flying skulls
  A fire dragon skeleton (Crypt:3)
  A redback (shapeshifter) (Depths:2)
  11 wraiths
  20 tarantellas
  3 wyverns
  4 air elementals (Elf:2)
  Sigmund (D:6)
  A tarantella (shapeshifter) (Vaults:5)
  A yak (shapeshifter) (Depths:1)
  2 shadows
  47 redbacks
  A wyvern (shapeshifter) (Depths:4)
  3 fire elementals
  17 water elementals
  An ice dragon skeleton (Crypt:3)
  A basilisk (Lair:1)
  A black mamba skeleton (Crypt:1)
  8 golden eyes
  50 yaks
  A vampire (D:13)
  A human (shapeshifter) (Vaults:5)
  6 vampire mosquitoes (D:12)
  9 wargs
  5 acid dragons
  An infernal demonspawn zombie (Crypt:2)
  A warg (shapeshifter) (Vaults:3)
  A monstrous demonspawn zombie (Crypt:2)
  A soldier ant (D:13)
  18 water moccasins
  A water moccasin (shapeshifter) (Vaults:5)
  An orb spider zombie (Crypt:1)
  3 floating eyes
  A soldier ant (shapeshifter) (Depths:2)
  14 hell hounds (Lair:6)
  2 deep troll skeletons
  2 cane toad skeletons
  49 orc warriors
  2 ice beasts
  A black bear (shapeshifter) (Depths:2)
  3 sky beasts
  15 black bears
  A wolf (shapeshifter) (Vaults:5)
  9 boggarts
  A dream sheep zombie (Crypt:2)
  A tengu (shapeshifter) (Vaults:4)
  33 wolves
  6 eyes of draining
  7 necrophages
  33 ogres
  17 centaurs
  2 snapping turtle skeletons
  4 phantoms
  2 kobold brigands (D:9)
  21 bullfrogs
  An elf zombie (Crypt:2)
  An earth elemental (Elf:2)
  11 scorpions
  19 killer bees (D:11)
  A yak skeleton (Crypt:1)
  31 wights
  8 electric eels
  9 howler monkeys
  A lava snake (Lair:5)
  A crimson imp (Depths:3)
  4 centaur zombies
  A basilisk zombie (Crypt:1)
  2 bullfrog zombies
  3 jellies
  35 orc priests
  A quasit (D:9)
  2 bullfrog skeletons
  6 hounds
  10 worker ants
  An iguana (D:8)
  8 hell rats
  34 orc wizards
  2 spriggan simulacra (IceCv)
  A killer bee zombie (D:7)
  3 troll simulacra (IceCv)
  2 hound zombies
  A worker ant zombie (D:10)
  3 ogre simulacra (IceCv)
  3 gnolls (D:8)
  13 adders
  2 naga simulacra (IceCv)
  A scorpion zombie (Crypt:2)
  3 shadow imps
  3 oozes
  A halfling zombie (Crypt:1)
  An adder skeleton (D:4)
  2 adder zombies
  2 worms
  3 dart slugs (D:2)
  6 leopard geckos
  132 orcs
  A ball python (D:3)
  10 giant cockroaches
  7 goblins
  7 hobgoblins
  3 jackals (D:11)
  6 quokkas
  A river rat zombie (Crypt:1)
  9 bats
  6 frilled lizards
  A frilled lizard zombie (Crypt:3)
  A goblin zombie (Crypt:3)
  A hobgoblin skeleton (Crypt:2)
  16 kobolds
  A kobold skeleton (Crypt:3)
  A leopard gecko skeleton (D:8)
  An orc skeleton (Crypt:3)
  7 rats
  6 fire vortices
2710 creatures vanquished.

Vanquished Creatures (collateral kills)
  A golden dragon (Depths:2)
  2 tentacled monstrosities
  5 acid blobs
  An azure jelly (Slime:5)
  A fire giant (Vaults:5)
  A vault warden (Vaults:4)
  The ghost of gimp the Brawler, a journeyman TrEE of Gozag (D:13)
  2 iron dragons
  A frost giant (Depths:2)
  A juggernaut zombie (Depths:2)
  2 draconian scorchers
  A caustic shrike skeleton (Crypt:3)
  A draconian shifter (Zot:1)
  2 stone giants
  A very ugly thing (Vaults:5)
  A vampire knight (Crypt:2)
  3 white draconians
  A lorocyproca (Depths:3)
  A deep elf annihilator (Elf:3)
  4 yellow draconians
  A green draconian (Zot:3)
  A purple draconian (Zot:4)
  A spark wasp (Depths:4)
  An ettin (Depths:1)
  A death ooze (Slime:5)
  A yaktaur captain (Depths:4)
  An ice dragon (Depths:4)
  2 great orbs of eyes
  A vault guard (Vaults:5)
  3 two-headed ogres
  A centaur warrior (Depths:2)
  A titan skeleton (Crypt:3)
  A skeletal warrior (Crypt:3)
  A spark wasp zombie (Depths:2)
  A deep troll (Depths:1)
  A wizard (Depths:4)
  An orc sorcerer (Elf:2)
  A moth of wrath (Zot:4)
  A human skeleton (Vaults:3)
  A stone giant skeleton (Crypt:3)
  A vault sentinel (Vaults:4)
  A freezing wraith (Vaults:5)
  A death yak zombie (Crypt:3)
  A hellwing (Depths:3)
  A wind drake (shapeshifter) (Depths:2)
  6 slime creatures
  A hornet (Depths:2)
  An ice dragon zombie (Depths:1)
  A fire giant simulacrum (Depths:1)
  A flying skull (Crypt:1)
  A wraith (Crypt:1)
  A floating eye (Elf:2)
  A two-headed ogre skeleton (Crypt:1)
  An ogre (Vaults:5)
  A blink frog skeleton (Crypt:3)
  A wyvern skeleton (Crypt:2)
  4 wights (Crypt:3)
  A lava snake skeleton (Crypt:1)
  2 orcs (Vaults:4)
  A jackal zombie (Crypt:1)
  A leopard gecko zombie (Crypt:1)
86 creatures vanquished.

Vanquished Creatures (others)
  A dread lich (Zot:5)
  Nikola (Shoals:4)
  An eldritch tentacle (Zot:5)
  A merfolk aquamancer (Shoals:1)
  A fire giant skeleton (Vaults:3)
  3 humans (Spider:1)
  836 fire vortices
  463 foxfires
  63 fungi
  185 plants
1555 creatures vanquished.

Grand Total: 4351 creatures vanquished

Notes
Turn   | Place    | Note
-------+----------+-------------------------------------------
     0 | D:1      | lawman0 the Human Fire Elementalist began the quest for the
                  | Orb.
     0 | D:1      | Reached XP level 1. HP: 13/13 MP: 3/3
   195 | D:1      | sick
   649 | D:1      | Reached XP level 2. HP: 19/19 MP: 3/5
   839 | D:2      | Reached XP level 3. HP: 17/24 MP: 2/6
   970 | D:2      | Learned a level 3 spell: Conjure Flame
  1504 | D:2      | Reached XP level 4. HP: 30/30 MP: 4/7
  3149 | D:4      | Reached skill level 2 in Conjurations
  3149 | D:4      | Reached XP level 5. HP: 29/35 MP: 5/9
  3239 | D:4      | Learned a level 4 spell: Sticky Flame
  3403 | D:4      | Reached XP level 6. HP: 34/41 MP: 3/10
  3504 | D:4      | Reached skill level 3 in Conjurations
  3900 | D:5      | Entered Level 5 of the Dungeon
  3906 | D:5      | Noticed a sky beast
  4232 | D:5      | Noticed an ogre
  4253 | D:5      | Killed an ogre
  4254 | D:5      | Reached skill level 5 in Fire Magic
  4254 | D:5      | Reached XP level 7. HP: 46/46 MP: 2/12
  4484 | D:5      | Reached skill level 4 in Conjurations
  5421 | D:6      | Found Plog's Assorted Antiques.
  5423 | D:6      | Bought a lead wand for 88 gold pieces
  5423 | D:6      | Bought an ivory wand for 88 gold pieces
  5423 | D:6      | Bought a murky yellow potion for 19 gold pieces
  5423 | D:6      | Bought 2 scrolls labelled CUWYLUPSI ECHE for 44 gold pieces
  5428 | D:6      | Reached skill level 1 in Evocations
  5445 | D:6      | Learned a level 5 spell: Fireball
  5574 | D:6      | Reached XP level 8. HP: 53/53 MP: 8/13
  5896 | D:6      | Reached skill level 5 in Conjurations
  6212 | D:6      | Noticed Sigmund
  6216 | D:6      | Killed Sigmund
  6217 | D:6      | Reached XP level 9. HP: 58/58 MP: 9/16
  6710 | D:6      | Reached skill level 6 in Conjurations
  6956 | D:7      | Found a staircase to the Ecumenical Temple.
  6964 | Temple   | Entered the Ecumenical Temple
  7066 | Temple   | Became a worshipper of Vehumet
  7115 | D:7      | Reached skill level 5 in Spellcasting
  7319 | D:7      | Reached skill level 1 in Fighting
  8083 | D:8      | Reached * piety under Vehumet
  8083 | D:8      | Offered knowledge of Magic Dart by Vehumet.
  8087 | D:8      | Learned a level 1 spell: Magic Dart
  8168 | D:8      | Noticed Erica
  8172 | D:8      | Reached skill level 7 in Conjurations
  8177 | D:8      | Killed Erica
  8178 | D:8      | Reached XP level 10. HP: 44/65 MP: 15/18
  8552 | D:8      | Reached skill level 1 in Armour
  9176 | D:9      | Found a glowing silver altar of Zin.
  9182 | D:9      | Found a broken altar of Ashenzari.
  9183 | D:9      | Found an ornate altar of the Wu Jian Council.
  9183 | D:9      | Found a hazy altar of Hepliaklqana.
  9207 | D:9      | Offered knowledge of Searing Ray by Vehumet.
  9207 | D:9      | Reached ** piety under Vehumet
  9217 | D:9      | Reached skill level 8 in Conjurations
  9509 | D:9      | what
  9568 | D:9      | Offered knowledge of Static Discharge by Vehumet.
  9779 | D:9      | Found a staircase to the Orcish Mines.
 10241 | D:9      | Noticed an unseen horror
 10244 | D:9      | Killed an unseen horror
 10466 | D:10     | Entered Level 10 of the Dungeon
 10544 | D:10     | Reached *** piety under Vehumet
 10856 | D:10     | Reached XP level 11. HP: 71/71 MP: 15/21
 10961 | D:10     | Found Ogies's Book Emporium.
 10965 | D:10     | Bought a book of Air for 490 gold pieces
 10968 | D:10     | Learned a level 2 spell: Swiftness
 10974 | D:10     | Learned a level 5 spell: Lightning Bolt
 11040 | D:10     | Offered knowledge of Fulminant Prism by Vehumet.
 11041 | D:10     | Reached skill level 9 in Conjurations
 11383 | D:10     | Reached skill level 1 in Air Magic
 11822 | D:11     | Found a transporter.
 11841 | D:11     | Noticed a green ugly thing
 11845 | D:11     | Killed a green ugly thing
 11848 | D:11     | Noticed a boulder beetle
 12297 | D:11     | Noticed a two-headed ogre
 12300 | D:11     | Killed a two-headed ogre
 12444 | D:11     | Got a distressingly furry plate armour
 12527 | D:11     | Noticed an ogre mage
 12529 | D:11     | Noticed an orc sorcerer
 12530 | D:11     | Found a roughly hewn altar of Beogh.
 12530 | D:11     | Found a transporter.
 12666 | D:11     | Found a staircase to the Lair.
 12666 | D:11     | Noticed a white ugly thing
 12671 | D:11     | Reached **** piety under Vehumet
 12676 | D:11     | Killed a white ugly thing
 12690 | D:11     | Killed a boulder beetle
 12905 | D:11     | Found a snail-covered altar of Cheibriados.
 12982 | D:11     | Noticed a two-headed ogre
 13032 | D:11     | Offered knowledge of Ignite Poison by Vehumet.
 13036 | D:11     | Reached skill level 10 in Conjurations
 13359 | D:11     | Reached skill level 10 in Fire Magic
 13804 | D:11     | Reached ***** piety under Vehumet
 14000 | Lair:1   | Entered Level 1 of the Lair of Beasts
 14000 | Lair:1   | Noticed an oklob plant
 14003 | Lair:1   | Killed an oklob plant
 14004 | Lair:1   | Reached XP level 12. HP: 77/77 MP: 21/23
 14018 | Lair:1   | Offered knowledge of Starburst by Vehumet.
 14026 | Lair:1   | Learned a level 6 spell: Starburst
 14649 | Lair:1   | Reached skill level 11 in Conjurations
 15341 | Lair:1   | Noticed a six-headed hydra
 15347 | Lair:1   | Killed a six-headed hydra
 16566 | Lair:2   | Reached skill level 5 in Air Magic
 16756 | Lair:2   | Reached skill level 12 in Conjurations
 16760 | Lair:2   | Reached XP level 13. HP: 83/83 MP: 13/25
 17607 | Lair:2   | Reached skill level 5 in Stealth
 19566 | Lair:3   | Found a staircase to the Shoals.
 20177 | Lair:4   | Reached skill level 13 in Conjurations
 20353 | Lair:4   | Offered knowledge of Orb of Destruction by Vehumet.
 20367 | Lair:3   | Learned a level 7 spell: Orb of Destruction
 20367 | Lair:3   | haha yes!
 20673 | Lair:4   | Reached XP level 14. HP: 91/91 MP: 5/27
 20866 | Lair:4   | You fall into a shaft and drop 1 floor!
 20948 | Lair:4   | Found a hole to the Spider Nest.
 22303 | Lair:5   | Reached skill level 5 in Dodging
 22595 | Lair:5   | sick
 22751 | Lair:5   | Found a runed translucent door.
 22945 | Lair:5   | Got a fading whip
 22947 | Lair:5   | Got a brightly glowing hat
 22961 | Lair:5   | Identified the +1 hat of Ezes {rN+} (You found it on level
                  | 5 of the Lair of Beasts)
 23470 | Lair:6   | Entered Level 6 of the Lair of Beasts
 23485 | Lair:6   | Reached skill level 14 in Conjurations
 23886 | Lair:6   | D:
 23892 | Lair:6   | Reached skill level 10 in Spellcasting
 24067 | Lair:6   | lmao
 24204 | Lair:6   | Reached XP level 15. HP: 101/101 MP: 10/29
 24423 | Lair:6   | Found a staircase to the Slime Pits.
 24948 | Lair:6   | Found a runed translucent door.
 25028 | Lair:6   | Paralysed by a hornet for 3 turns
 25130 | Lair:6   | Reached skill level 5 in Fighting
 25869 | Lair:6   | Offered knowledge of Iskenderun's Battlesphere by Vehumet.
 25877 | Lair:6   | Reached skill level 15 in Conjurations
 26135 | Lair:6   | Identified the cursed +2 whip of the Blessed Realm {venom,
                  | *Corrode rN+ Will++} (You found it on level 5 of the Lair
                  | of Beasts)
 27195 | Lair:6   | Learned a level 5 spell: Iskenderun's Battlesphere
 28123 | D:10     | Bought a book of Spatial Translocations for 910 gold pieces
 28262 | D:11     | Offered knowledge of Bolt of Magma by Vehumet.
 28349 | D:11     | sick
 28577 | D:12     | Noticed Erolcha
 28579 | D:12     | Killed Erolcha
 29793 | D:13     | Found a frozen archway.
 29807 | IceCv    | Entered an ice cave
 29906 | IceCv    | Reached XP level 16. HP: 113/113 MP: 31/31
 30525 | IceCv    | Got an ancient hand axe
 30706 | IceCv    | Identified the +9 hand axe "Asaepnoe" {drain, rF+ Int-4
                  | Dex+6} (You found it in an ice cave)
 30733 | D:13     | Reached ****** piety under Vehumet
 31371 | D:13     | Found a transporter.
 31371 | D:13     | Noticed gimp's ghost (journeyman TrEE)
 31375 | D:13     | Identified the +6 great mace of Watchfulness {flame, rC+
                  | Dex+5}
 31375 | D:13     | Noticed a fire giant
 31401 | D:13     | Found a transporter.
 32405 | D:13     | Found a gate to the Vaults.
 32835 | D:14     | Identified the +0 scale mail of Voudul {rN+} (You found it
                  | on level 14 of the Dungeon)
 32836 | D:14     | >:(
 33747 | D:14     | Got a shimmering amber ring
 33759 | D:14     | Identified the ring "Zynt" {Will+ Str-3 Int+4} (You found
                  | it on level 14 of the Dungeon)
 33763 | D:14     | oh
 33763 | D:14     | ohhhhhhhhh
 33916 | D:15     | Entered Level 15 of the Dungeon
 33924 | D:15     | Found Cocwusm's Commerce Corner.
 34581 | D:15     | Offered knowledge of Yara's Violent Unravelling by Vehumet.
 35895 | Orc:1    | Entered Level 1 of the Orcish Mines
 35897 | Orc:1    | Reached skill level 16 in Conjurations
 36031 | Orc:2    | Entered Level 2 of the Orcish Mines
 36261 | Orc:2    | Found Zuffood's Weapon Emporium.
 36263 | Orc:2    | Found a staircase to the Elven Halls.
 37016 | Orc:2    | Reached XP level 17. HP: 123/123 MP: 34/34
 37207 | Orc:2    | Offered knowledge of Conjure Ball Lightning by Vehumet.
 37592 | Orc:2    | Learned a level 2 spell: Blink
 37810 | Orc:2    | O_O
 38004 | Orc:2    | Found Ynweolar's Antique Armour Boutique.
 38010 | Orc:2    | Found Nehat's Antique Weapon Boutique.
 38012 | Orc:2    | Found Jaalaq's General Store.
 38012 | Orc:2    | Found Yfelet's Book Shop.
 38017 | Orc:2    | Bought a potion of curing for 51 gold pieces
 38028 | Orc:2    | Bought a bloodstained flail for 204 gold pieces
 38028 | Orc:2    | Identified the +6 flail "Worm's Wrath" {drain, rF+ rC+
                  | Str-5} (You bought it in a shop on level 2 of the Orcish
                  | Mines)
 38031 | Orc:2    | Bought a pair of embroidered gloves for 172 gold pieces
 38281 | Elf:1    | Entered Level 1 of the Elven Halls
 38543 | Elf:1    | Reached skill level 1 in Translocations
 38853 | Elf:1    | Reached skill level 1 in Shields
 39420 | Orc:1    | Noticed Harold
 39423 | Orc:1    | Killed Harold
 39570 | Orc:1    | Paralysed by an orc sorcerer for 3 turns
 39573 | Orc:1    | Offered knowledge of Chain Lightning by Vehumet.
 40058 | Lair:1   | Identified the +13 plate armour of Free Expression {Harm
                  | +Blink rF+} (You found it on level 11 of the Dungeon)
 40059 | Lair:1   | who
 40059 | Lair:1   | wow!
 40059 | Lair:1   | but no
 40123 | Shoals:1 | Entered Level 1 of the Shoals
 40977 | Shoals:1 | Identified a scroll of acquirement
 40978 | Shoals:1 | sick
 40978 | Shoals:1 | uh
 40978 | Shoals:1 | Acquired 671 gold pieces
 42417 | Shoals:2 | Noticed Polyphemus
 42423 | Shoals:2 | Killed Polyphemus
 42492 | Shoals:1 | Reached XP level 18. HP: 83/131 MP: 6/35
 43383 | Shoals:3 | Found Osethrog's Distillery.
 43405 | Shoals:3 | Bought 2 potions of curing for 90 gold pieces
 43405 | Shoals:3 | Bought a potion of magic for 120 gold pieces
 43405 | Shoals:3 | Bought a potion of cancellation for 120 gold pieces
 44118 | Shoals:3 | Noticed a titan
 44137 | Shoals:3 | Killed a titan
 44635 | Shoals:4 | Entered Level 4 of the Shoals
 44959 | Shoals:4 | Noticed Bai Suzhen
 44968 | Shoals:4 | Killed Bai Suzhen
 44969 | Shoals:4 | Reached skill level 17 in Conjurations
 44978 | Shoals:4 | Reached skill level 5 in Translocations
 44987 | Shoals:4 | Noticed Nikola
 45916 | Shoals:4 | Reached skill level 5 in Shields
 46069 | Shoals:4 | Identified the +5 plate armour "Hatesiuqu" {Dex+7} (You
                  | found it on level 4 of the Shoals)
 46235 | Shoals:4 | Killed Nikola
 46450 | Shoals:4 | sick
 46554 | Shoals:4 | Identified the Guide on the Doomed Compass
 46585 | Shoals:4 | Got a barnacled rune of Zot
 46586 | Shoals:4 | ok
 47737 | Elf:1    | Reached skill level 5 in Evocations
 47852 | Elf:1    | sick
 47945 | Elf:1    | Reached XP level 19. HP: 73/136 MP: 11/37
 49054 | Elf:2    | Reached skill level 15 in Spellcasting
 49399 | Elf:2    | Found a runed translucent gate.
 49400 | Elf:2    | Found a runed translucent gate.
 49400 | Elf:2    | Found a runed translucent gate.
 49401 | Elf:2    | Found an opulent altar of Gozag.
 49404 | Elf:2    | Noticed mortress's ghost (journeyman FeBe)
 50232 | Orc:2    | Bought a manual of Fighting for 1656 gold pieces
 50528 | Spider:1 | Entered Level 1 of the Spider Nest
 50528 | Spider:1 | Noticed Kirke
 50532 | Spider:1 | Killed Kirke
 50533 | Spider:1 | Reached skill level 5 in Armour
 51916 | Spider:1 | Offered knowledge of Lehudib's Crystal Spear by Vehumet.
 51916 | Spider:1 | Offered knowledge of Fire Storm by Vehumet.
 51916 | Spider:1 | Offered knowledge of Absolute Zero by Vehumet.
 51927 | Spider:1 | Learned a level 9 spell: Fire Storm
 54477 | Spider:3 | Reached skill level 10 in Fighting
 54764 | Spider:4 | Entered Level 4 of the Spider Nest
 55043 | Spider:4 | Reached skill level 18 in Conjurations
 55180 | Spider:4 | Reached XP level 20. HP: 89/148 MP: 12/39
 58631 | Vaults:1 | Entered Level 1 of the Vaults
 59849 | Vaults:1 | You are sucked into a shaft and drop 1 floor!
 60197 | Vaults:2 | Found Koghonar's Armour Emporium.
 60220 | Vaults:2 | Bought a +1 helmet of see invisible for 379 gold pieces
 60467 | Vaults:2 | Reached skill level 15 in Fire Magic
 62475 | Vaults:1 | sick
 62942 | Spider:4 | Got a gossamer rune of Zot
 63347 | D:13     | Reached XP level 21. HP: 116/160 MP: 0/40
 63353 | D:13     | Killed gimp's ghost
 63893 | Vaults:2 | Found Kafucwi's Antique Armour Shoppe.
 63920 | Vaults:2 | Found a large runed translucent door.
 63920 | Vaults:2 | Found a large runed translucent door.
 63920 | Vaults:2 | Noticed Forgeling's ghost (adept FeEn)
 64113 | Vaults:2 | Reached skill level 19 in Conjurations
 64459 | Vaults:2 | Found Xaliq's Distillery.
 64467 | Vaults:2 | Bought a potion of curing for 42 gold pieces
 64467 | Vaults:2 | Bought a potion of curing for 42 gold pieces
 64467 | Vaults:2 | Bought a potion of heal wounds for 70 gold pieces
 64467 | Vaults:2 | Bought 2 potions of curing for 84 gold pieces
 64554 | Vaults:2 | Found Uxickoiz's Magic Scroll Shop.
 64566 | Vaults:2 | Bought a scroll of holy word for 75 gold pieces
 64566 | Vaults:2 | Bought a scroll of teleportation for 30 gold pieces
 64566 | Vaults:2 | Bought a scroll of teleportation for 30 gold pieces
 64566 | Vaults:2 | Bought a scroll of teleportation for 30 gold pieces
 64566 | Vaults:2 | Bought a scroll of teleportation for 30 gold pieces
 66382 | Vaults:3 | Identified the cursed +1 leather armour of the Monkey's
                  | Uncle {+Fly rC+ Will+ Str-2 Int+2}
 68156 | Vaults:3 | ...
 68164 | Vaults:3 | Found a staircase to the Crypt.
 68481 | Vaults:3 | Found Vudghunt's Weapon Emporium.
 68662 | Vaults:4 | Reached XP level 22. HP: 162/170 MP: 42/42
 69261 | Vaults:4 | Reached skill level 20 in Conjurations
 70519 | Vaults:4 | Identified the +2 morningstar of Fyceotec {freeze, Dex+4}
 71540 | Vaults:4 | Found Raadeela's Magic Scroll Shoppe.
 71548 | Vaults:4 | Bought a scroll of teleportation for 57 gold pieces
 71548 | Vaults:4 | Bought a scroll of fear for 66 gold pieces
 71548 | Vaults:4 | Bought a scroll of teleportation for 57 gold pieces
 71889 | Crypt:1  | Entered Level 1 of the Crypt
 72510 | Crypt:1  | Found a runed translucent gate.
 72510 | Crypt:1  | Found a runed translucent gate.
 72510 | Crypt:1  | Found a runed translucent gate.
 72511 | Crypt:1  | Found an opulent altar of Gozag.
 72512 | Crypt:1  | Noticed Hynnuzim's ghost (veteran CeHu)
 73343 | Crypt:2  | Reached XP level 23. HP: 179/179 MP: 39/44
 74289 | Crypt:3  | Entered Level 3 of the Crypt
 74847 | Crypt:3  | Identified the +8 flail "Cilynim" {flame, rC+} (You found
                  | it on level 3 of the Crypt)
 75227 | Crypt:3  | Reached skill level 21 in Conjurations
 75694 | Crypt:3  | Learned a level 4 spell: Animate Dead
 75948 | Crypt:3  | Found a huge runed gate.
 75948 | Crypt:3  | Found a huge runed gate.
 75948 | Crypt:3  | Found a huge runed gate.
 75948 | Crypt:3  | Found a huge runed gate.
 75949 | Crypt:3  | Found a huge runed gate.
 75955 | Crypt:3  | Found a huge runed gate.
 75955 | Crypt:3  | Found a huge runed gate.
 75958 | Crypt:3  | Found a huge runed gate.
 75960 | Crypt:3  | Found a huge runed gate.
 75967 | Crypt:3  | Found a huge runed gate.
 75967 | Crypt:3  | Found a huge runed gate.
 75967 | Crypt:3  | Found a huge runed gate.
 75967 | Crypt:3  | Found a huge runed gate.
 75967 | Crypt:3  | Found a huge runed gate.
 75967 | Crypt:3  | Found a huge runed gate.
 75968 | Crypt:3  | Found a huge runed gate.
 75969 | Crypt:3  | Found a huge runed gate.
 75970 | Crypt:3  | Found a huge runed gate.
 75978 | Crypt:3  | Found a huge runed gate.
 75978 | Crypt:3  | Found a huge runed gate.
 76922 | Crypt:3  | Found a staircase to the Tomb.
 77399 | Crypt:3  | Noticed a curse toe
 77406 | Crypt:3  | Killed a curse toe
 78136 | Crypt:3  | Noticed a dread lich
 78148 | Crypt:3  | Killed a dread lich
 78322 | Crypt:3  | Noticed Frederick
 78325 | Crypt:3  | Killed Frederick
 78347 | Crypt:3  | Reached XP level 24. HP: 186/186 MP: 11/44
 78837 | Crypt:3  | Found a huge runed gate.
 78837 | Crypt:3  | Found a huge runed gate.
 78837 | Crypt:3  | Found a huge runed gate.
 78845 | Crypt:3  | Found a huge runed gate.
 78846 | Crypt:3  | Found a huge runed gate.
 78847 | Crypt:3  | Found a huge runed gate.
 79078 | Crypt:3  | Noticed a dread lich
 79082 | Crypt:3  | Killed a dread lich
 79083 | Crypt:3  | haha yes!
 79094 | Crypt:3  | Acquired 1084 gold pieces
 79218 | Crypt:3  | Identified the +7 scimitar "Qepemewk" {freeze, +Fly rC+}
                  | (You found it on level 3 of the Crypt)
 79221 | Crypt:3  | Identified the ring of Xizabres {rN+ Int+4} (You found it
                  | on level 3 of the Crypt)
 79222 | Crypt:3  | Identified the ring of Equilibrium {rElec rC++ rN+} (You
                  | found it on level 3 of the Crypt)
 79223 | Crypt:3  | oh
 79387 | Vaults:3 | Upgraded the game from 0.27-a0-279-gdfb9265905 to
                  | 0.27-a0-287-gd4424db430
 80544 | Elf:2    | Found an ancient bone altar of Kikubaaqudgha.
 80734 | Orc:2    | Bought a manual of Dodging for 1656 gold pieces
 80734 | Orc:2    | Bought a book of Cantrips for 300 gold pieces
 80738 | Orc:2    | Learned a level 1 spell: Apportation
 80744 | Orc:2    | Learned a level 5 spell: Alistair's Intoxication
 81043 | Elf:2    | Found a runed translucent gate.
 81046 | Elf:2    | Found a runed translucent gate.
 81046 | Elf:2    | Found a runed translucent gate.
 81053 | Elf:2    | Reached skill level 22 in Conjurations
 81129 | Elf:2    | Found a shimmering blue altar of Sif Muna.
 82605 | Elf:3    | Entered Level 3 of the Elven Halls
 83489 | Elf:3    | Reached XP level 25. HP: 192/192 MP: 36/45
 83546 | Elf:3    | Identified the +5 plate armour of the Lich-sworn {Str+5}
 84390 | Elf:3    | Reached skill level 1 in Necromancy
 84397 | Elf:3    | Identified the +3 long sword of Yboxom {antimagic, *Drain
                  | rN++ Str+4}
 84410 | Elf:3    | Identified the +7 dagger "Ruopp" {freeze, Str+3}
 84670 | Elf:3    | oops
 84678 | Elf:3    | Sick
 84825 | Elf:3    | .........
 84825 | Elf:3    | how do I check my zot clock
 85071 | Elf:3    | hell yeah
 85081 | Elf:3    | Identified the +2 pair of boots "Cezxaon" {Harm Str+2} (You
                  | found it on level 3 of the Elven Halls)
 85082 | Elf:3    | gross
 85084 | Elf:3    | Identified the +8 shortbow of Weikhub {venom, *Slow rPois
                  | Str+6} (You found it on level 3 of the Elven Halls)
 85403 | Elf:3    | ...
 85403 | Elf:3    | .........................................................
 85403 | Elf:3    | slime
 85780 | D:15     | Bought a book of Clouds for 810 gold pieces
 85787 | D:15     | Learned a level 6 spell: Freezing Cloud
 85993 | Slime:1  | Entered Level 1 of the Pits of Slime
 85994 | Slime:1  | hmm
 86001 | Slime:1  | haha yes!
 86325 | Slime:2  | Noticed Dissolution
 86331 | Slime:2  | Killed Dissolution
 86749 | Slime:2  | Reached skill level 10 in Dodging
 87328 | Slime:4  | Reached XP level 26. HP: 199/199 MP: 37/45
 87594 | Slime:5  | Entered Level 5 of the Pits of Slime
 87642 | Slime:5  | Reached skill level 23 in Conjurations
 87815 | Slime:5  | Noticed the Royal Jelly
 87820 | Slime:5  | Killed the Royal Jelly
 87821 | Slime:5  | lol owned
 88060 | Slime:5  | Identified the Tome of Ghastly Weightlessness
 88064 | Slime:5  | Identified the Handbook of the Volcanoes and Clay
 88072 | Slime:5  | >:(
 88080 | Slime:5  | Identified the +6 plate armour "Boiliplu" {Will++ Str+4
                  | Dex-4} (You found it on level 5 of the Pits of Slime)
 88112 | Slime:5  | Got a slimy rune of Zot
 88132 | Slime:5  | Identified the +3 hunting sling of Burning Blind Justice
                  | {vorpal, rPois Str-3 Int+2} (You found it on level 5 of the
                  | Pits of Slime)
 88156 | Slime:5  | Identified the +4 hand axe of the Moon {freeze, rElec} (You
                  | found it on level 5 of the Pits of Slime)
 88165 | Slime:5  | >:(
 88600 | Slime:5  | cool
 89102 | Slime:1  | Learned a level 6 spell: Dispersal
 89143 | Slime:3  | Paralysed by a great orb of eyes for 7 turns
 90084 | D:15     | Found a staircase to the Depths.
 90168 | Depths:1 | Entered Level 1 of the Depths
 90316 | Depths:1 | Reached skill level 1 in Ice Magic
 90499 | Depths:1 | Noticed Mara
 90500 | Depths:1 | sup
 90503 | Depths:1 | Killed Mara
 90504 | Depths:1 | Reached XP level 27. HP: 193/205 MP: 6/46
 91025 | Depths:1 | Found a basalt altar of Yredelemnul.
 91264 | Depths:1 | oh
 91320 | Depths:1 | ooho
 91378 | Depths:1 | Identified the +0 robe of the Endless Expanse {rN+} (You
                  | found it on level 1 of the Depths)
 91570 | Depths:1 | Found a gateway to Hell.
 91808 | Depths:1 | Found Emaposodgh's Book Shoppe.
 91811 | Depths:1 | Found Quojoqas's Jewellery Boutique.
 91812 | Depths:1 | Found Hacar's Book Shoppe.
 91861 | Depths:1 | Found a one-way gate leading to the halls of Pandemonium.
 92295 | Depths:2 | Paralysed by a floating eye for 2 turns
 93194 | Depths:2 | Identified the +11 arbalest "Huzyoploa" {penet, rElec Dex+4
                  | Stlth+}
 93194 | Depths:2 | Identified the +1 ring mail "Folapsac" {rC+ Dex+7}
 93261 | Depths:2 | Identified the +5 robe of Shielding {rPois rCorr}
 94038 | Depths:2 | Reached skill level 24 in Conjurations
 94056 | Depths:2 | Reached skill level 1 in Transmutations
 94716 | Depths:2 | You are sucked into a shaft and drop 1 floor!
 94728 | Depths:3 | Reached skill level 5 in Ice Magic
 95090 | Depths:3 | Noticed Boris
 95094 | Depths:3 | Killed Boris
 95432 | Depths:2 | ick
 95714 | Depths:2 | Identified Cuhut's Catalogue of Dislocated Necromancy
 96210 | Depths:3 | Found a one-way gate to the infinite horrors of the Abyss.
 96365 | Depths:3 | Noticed Cozefen's ghost (adept DgCj)
 96456 | Depths:3 | Found a transporter.
 96460 | Depths:3 | Found a transporter.
 99371 | Depths:4 | Reached skill level 10 in Translocations
 99501 | Depths:4 | Found a broken altar of Ashenzari.
 99581 | Depths:4 | lol
100763 | Depths:5 | Entered Level 5 of the Depths
100776 | Depths:5 | Found Nutzy's Magic Scroll Boutique.
100784 | Depths:5 | Bought a scroll of teleportation for 42 gold pieces
100784 | Depths:5 | Bought a scroll of teleportation for 42 gold pieces
101089 | Depths:5 | Found a gate to the Realm of Zot.
101092 | Depths:5 | Reached skill level 5 in Transmutations
101294 | Depths:5 | Found a gateway to a ziggurat.
101825 | Depths:5 | Found a glowing golden altar of the Shining One.
102628 | Vaults:2 | Killed Forgeling's ghost
102771 | Vaults:4 | Bought a scroll of magic mapping for 66 gold pieces
102777 | Vaults:5 | Entered Level 5 of the Vaults
104017 | Vaults:5 | Identified the +0 leather armour of Saiwnik {rPois Will++
                  | Str-3 Dex-3}
104565 | Vaults:5 | Identified the Guide on Transformation and Fire
105061 | Vaults:5 | Got a silver rune of Zot
105111 | Vaults:5 | Noticed a dread lich
105117 | Vaults:5 | Killed a dread lich
105769 | Vaults:5 | Identified Memap's Volume of Entrancing Air
105781 | Vaults:5 | Identified the amulet "Xopimmai" {Inacc rC+} (You found it
                  | on level 5 of the Vaults)
105782 | Vaults:5 | >:(
106451 | Vaults:2 | Learned a level 3 spell: Teleport Other
106460 | Vaults:2 | Learned a level 8 spell: Ignition
107218 | Zot:1    | Entered Level 1 of the Realm of Zot
108182 | Zot:1    | Reached skill level 25 in Conjurations
111756 | Zot:3    | Identified the cursed +0 helmet of the Bard {rPois Int+3}
                  | (You found it on level 3 of the Realm of Zot)
113399 | Zot:4    | Reached skill level 10 in Transmutations
113950 | Zot:5    | Entered Level 5 of the Realm of Zot
114498 | Zot:5    | Noticed a dread lich
114913 | Zot:5    | Noticed an ancient lich
114916 | Zot:5    | Killed an ancient lich
114928 | Zot:5    | Killed a dread lich
115136 | Zot:5    | Noticed an ancient lich
115139 | Zot:5    | Killed an ancient lich
115140 | Zot:5    | Noticed an orb of fire
115143 | Zot:5    | Gained mutation: Your body sometimes deteriorates upon
                  | taking damage. [an orb of fire]
115146 | Zot:5    | Gained mutation: You are frail. (-10% HP) [an orb of fire]
115147 | Zot:5    | Gained mutation: Your flesh is heat resistant. (rF+) [an
                  | orb of fire]
115161 | Zot:5    | Gained mutation: Your body often deteriorates upon taking
                  | damage. [an orb of fire]
115163 | Zot:5    | Lost mutation: Your flesh is heat resistant. (rF+) [potion
                  | of mutation]
115163 | Zot:5    | Lost mutation: Your body often deteriorates upon taking
                  | damage. [potion of mutation]
115163 | Zot:5    | Lost mutation: Your body sometimes deteriorates upon taking
                  | damage. [potion of mutation]
115163 | Zot:5    | Gained mutation: You are dopey. (Int -2) [potion of
                  | mutation]
115163 | Zot:5    | Gained mutation: You are surrounded by a mild repulsion
                  | field. (EV +2) [potion of mutation]
115617 | Zot:5    | Gained mutation: You are weak. (Str -2) [an orb of fire]
115624 | Zot:5    | Killed an orb of fire
115625 | Zot:5    | Reached skill level 15 in Dodging
115634 | Zot:5    | Lost mutation: You are weak. (Str -2) [potion of mutation]
115634 | Zot:5    | Gained mutation: Your spells are a little harder to cast,
                  | but a little more powerful. [potion of mutation]
115634 | Zot:5    | Gained mutation: You have large cloven feet. [potion of
                  | mutation]
115634 | Zot:5    | Gained mutation: You are clumsy. (Dex -2) [potion of
                  | mutation]
115634 | Zot:5    | Gained mutation: You have hoof-like feet. [potion of
                  | mutation]
115745 | Zot:5    | Noticed an ancient lich
115748 | Zot:5    | Killed an ancient lich
115749 | Zot:5    | Reached skill level 26 in Conjurations
115785 | Zot:5    | Noticed an ancient lich
115788 | Zot:5    | Killed an ancient lich
115793 | Zot:5    | Noticed a Killer Klown
115981 | Zot:5    | Killed a Killer Klown
115983 | Zot:5    | Noticed a dread lich
115998 | Zot:5    | Paralysed by a dread lich for 7 turns
116004 | Zot:5    | Killed a dread lich
116336 | Zot:5    | Noticed an ancient lich
116344 | Zot:5    | Killed an ancient lich
116494 | Zot:5    | Noticed a dread lich
116499 | Zot:5    | Killed a dread lich
116621 | Zot:5    | Noticed a dread lich
116639 | Zot:5    | Killed a dread lich
116877 | Zot:5    | Noticed a Killer Klown
116883 | Zot:5    | Noticed an ancient lich
116890 | Zot:5    | Killed an ancient lich
116891 | Zot:5    | Noticed an ancient lich
116891 | Zot:5    | Noticed an orb of fire
116891 | Zot:5    | Noticed an orb of fire
116911 | Zot:5    | Noticed an ancient lich
116942 | Zot:5    | HP: 1/184 [orb of fire/bolt of fire (23)]
116946 | Zot:5    | Got the Orb of Zot
116960 | Zot:5    | Noticed Boudaum the pandemonium lord
117389 | Zot:4    | Noticed Qunotum the pandemonium lord
117392 | Zot:4    | Killed Qunotum the pandemonium lord
117820 | D:12     | Learned a level 4 spell: Passage of Golubria
118094 | D:$      | Escaped with the Orb!

Illustrated notes ########### #.........# #.........# #.........# #........$# ######......^@.# #...##.........# ####...##.........# .......##.........# .###>..##.........# ...###............# ...# ###.##)####### ...# #..#.# ...# ##...# Turn 195 on D:1: sick #.###+##..(....# #..............# ........#####..# ........# +..###### (.......# #.......# ........# +..?....# .......$#####.......# ..................(.# .K.####.@........#### #..).......# #..........# #.....?##### #......# #......# #......# #......# Turn 9509 on D:9: what

.........^.........P#.....#....##
............(########....##....##
..≈≈≈........######......###..###
.≈≈≈≈....................#P#.#..#
.≈≈≈≈≈...........................
.≈≈≈≈≈...........................
..≈.≈............................
.......♣.........................
.♣....♣.....##..@.##.......#.####
#.<..#......#P.#+.#P.....###.####
#...###.....##...)##.....##.....#
.....##.....#.....#......##.....#
.....##......#.....#............#
.....##.....#......#.....##.....#
##...##.....##...........##......
##.#.##.....#............##.....#
###.##......#..##..#......#...##.


Turn 20367 on Lair:3: haha yes! # ##.... # .... #.... . .... ...#.♣ .. .......
..... ......# ... .......P# ..... ....... .........## ###...... .....
...........# #P#............... ...........P###.................
................@................ .................................
...................#............. .................................
........................##..PP... ..........................P.P....
....#....P.........##....P.P..#.. ....................#...##.#.#...
.......................#######... Turn 22595 on Lair:5: sick ......# ##
...⌠...##. ........#. #.#.(....## #..#...⌠..## ...........##.⌠ hhh............
h.SY.⌠.@$⌠..l$⌠ h.F..Y......... $..........##.⌠ .####..⌠.F## .Yr...# .rYYY#..
.rYYY#.... ..YYr# ..#.. Turn 23886 on Lair:6: D: ........# ........## ###
.....⌠...##..# ... #........#..# .... #.#.(....## .....###..#..†⌠..## ##
#...#^...........##.⌠. #...........†........ #.#...†.†⌠.<@⌠...$⌠.
##..........††....... #..........†.†..##.⌠. ##.##.####..⌠..## #l # #....†.....#
#....†...#..... +...⌠...#....... #........##..#...# #..[.....## ####..# Turn
24067 on Lair:6: lmao #.# #.##....########### #. #.# #.##...##.........## #. #.#
#.#..>.#...#####...# #. #.# #......#....#.#.).)### #. #.# ###....#.#......$#)#.#
#. #.#####.....#.##.8.8.##.#.## #. #..........©#.#..._...#©#©.####.
#######.....#.##.8.8.##)#....... ##..#.#.#@[.)[..#(#.##....
######...[#.#....####.... #...#####...# #.... ##....©....#####....
#######################........ #.........<.........[.#.###....
#.###################.#.# #.... #.########.....# #.#.# ###.. #........#.###.#
#.#.# #.. Turn 28349 on D:11: sick ###.###.## #.. ............ #.# ..######.##
#.# ..######.# #.# ... ...#.# #.######.####.#.## #.... ......|....
#####..#####.####..### #....@.††....####....# #.[#.#####............ # #.
#.#######.#.# #. #.# #.#.# #. #.# #>#.# #. #.# #.. # #. #.# ##. #. #.# .. .#
Turn 32836 on D:14: >:( ...# #####.##.# ...####........# ............####
....######### ###.################ # #.⌠.....≈≈≈......# # #.......≈≈≈......#
#.......≈.≈.^...(# ##......≈≈≈...@..# #⌠.....≈≈≈.....[# ################# Turn
33763 on D:14: oh ##....... .. #........ ... ##........ ...######## ###.........
........#.###.#).)..##.. ........#.##....).[..#.. ............#....)...##.
.......))....##)....)##. .o..o○°@)...###.)..).### o..)...)).)## ##..).)###
.......[)..# #.....).) ........#.## #.#....). ........#.# ###.))))) ...########
##..)). ... #))))). .. ####..)).. ##.......#. Turn 37810 on Orc:2: O_O ....###
#..## #.............. #.....## #..#######.##≈≈#.P#.....
#......####.........##≈≈≈.###.... ###................####≈≈.###....
.###.......#####.#..####≈≈##...#P .# ##.....## ##<#....##≈≈##..### .## #.....###
#...#..#.#.≈##..# ..###.......###...##.....≈#...#
......###..##...@.......≈≈...## #...### #...#.....#......≈≈.## #...#
##..........#.....≈.# ..### #...........#....≈.# ..# #...........#......### ..#
##.P#.......#.........# .### ##..####....##........## ...#
#....###..###......#...### ..## #.........#P....###.#..... Turn 40059 on Lair:1:
who ........≈≈..........P ≈≈..≈.≈≈≈≈.............. ≈≈≈≈≈≈≈≈.≈≈.............
≈≈≈≈.#.≈.≈.............. .≈≈..##..≈.............. ......##..≈≈........P...
≈......#.....≈.......PP. ..........≈....P...##.P. ..≈≈...@.......PP.P...≈≈
..≈≈≈....≈(..#P.P....P≈P [...≈≈...≈≈..#P.PP...≈≈≈ ≈≈..≈≈≈..≈≈.....≈...≈≈≈≈
≈≈≈≈≈≈≈≈≈≈......≈≈≈≈≈≈P≈ ≈≈≈≈≈≈≈≈≈....≈≈..≈.≈≈≈≈≈ ≈≈≈≈≈≈≈≈≈[....≈≈≈≈≈....≈
.≈≈≈≈≈≈≈≈.#.≈≈.≈≈≈≈..### .≈≈≈≈≈≈≈..# # Turn 40978 on Shoals:1: sick
≈≈≈≈≈≈≈≈≈.#≈#.#≈≈..... ≈≈≈≈≈≈≈≈≈≈.)...≈≈..... ≈≈≈≈≈≈≈≈≈≈≈≈≈.........
≈≈≈≈○≈≈≈≈≈≈≈.......... ≈ ≈≈≈≈≈.........)....... ≈≈≈≈≈##≈≈.##......(..... ≈≈≈≈≈
######............ .≈≈≈# #..##.......... ....# ≈...#≈..@..))... ....#
.#.###.......... ...## .≈ #...).....P ...≈# #).[.....P. ...≈# #........P. ...###
###......≈≈≈≈ .....#######≈.≈....≈≈≈≈≈ .....≈≈≈≈.≈#.≈≈≈≈≈≈≈≈≈≈≈
........≈≈≈≈≈≈≈≈≈≈≈≈≈≈≈ Turn 46450 on Shoals:4: sick
≈≈≈≈≈≈≈≈≈≈≈≈≈≈.........≈≈≈≈≈≈≈ ≈≈≈≈≈≈≈≈≈≈≈≈≈...........≈≈≈≈≈≈
≈≈≈≈≈≈≈≈≈≈≈≈≈...........≈≈≈≈≈≈ ≈≈≈≈≈≈≈≈...##≈###........≈≈≈≈≈
≈≈≈≈≈≈≈...#######.......≈≈≈≈≈≈ ≈≈≈≈≈≈...##.###.##.....≈≈≈≈≈≈≈
..≈≈≈≈..##..≈≈≈≈≈#≈....≈≈≈≈≈≈≈ ..≈≈≈≈..###≈#≈#≈###...≈≈≈≈≈≈≈≈
≈≈≈≈≈≈≈≈##≈≈≈@≈≈≈#≈.≈≈≈≈≈≈≈ ≈≈≈≈≈≈≈≈###≈#≈#≈##≈.≈≈≈≈≈≈≈
≈≈≈≈≈≈≈.##≈≈≈≈≈≈≈##.≈≈≈≈≈≈≈ ≈≈≈≈≈≈≈.###≈≈#≈≈≈#..≈≈≈≈≈≈≈
≈≈≈≈≈≈≈≈..#######≈≈≈≈≈≈≈≈≈≈ ≈≈≈≈≈≈≈≈≈.#.#.#≈≈≈≈≈≈≈≈≈≈≈≈
≈≈≈≈≈≈≈≈≈≈.)...≈≈.....≈≈≈≈≈ ≈≈≈≈≈≈≈≈≈≈≈≈≈.........≈≈≈..
≈≈≈≈≈≈≈≈≈≈≈≈..............≈ Turn 46586 on Shoals:4: ok ...## ##..# ....+ ...# .#
....####'#########'### .......)......#......## ......................#
'###..................# .###.......).........# ...+................#
.###............@..# .###..))..########## ...+.......## .###........#
.###........# ...)........# ..##........# ..##........# ..##........# Turn 47852
on Elf:1: sick ######### #.....##'######'##'## ##..##..# #.....#.#..#...#..#.#
##..##..### #.....############### ..........# #.....# ###########
#.....########## #(....#........# #.....#........# #.....)..#####.#
#...@.#...o#.#.# #.....#..###.###### #############.....#....#......#
..................#..###.#.#..# ..................#..#.#.#.#..#
..................#..#.#####..# ..................#...........#
..........}.......####.#####..# #+################# #.#.#.#..# Turn 62475 on
Vaults:1: sick #######...)).......#......# ##. .........#.#######.#......# ##
.........#.#:.)..#.##+##'######## .........#.#$###.#.....#........# .........#.#
#.#.....#........# .........#.# #.#.....#........# .........#.#
#.#.....#........# .........#.#####.#.....#........'
.........#...)).@#.....#........' .........#########.....'........#
...................#####........# .............####### #........# .............#
#........# ############## #.(......# ###########################'#####
)................................ ................................. Turn 68156
on Vaults:3: ... .############.# #.# .# #.# #.# .# #.# #.# .# #.# #.# ÷# #.#
######.# .# #.####......# .# #...##.####.# <############.#''''''''''
.....(........#'@++++++ ..............#'+'°°○+ ..............#'++.○v○+
...[..<........'+ vv)○+ ....)..........'+ vv°+ ##############.'+ [○v+ #.'+ +++
'## #.' '.# #.''''''''''.# Turn 79083 on Crypt:3: haha yes!
############################# #.........#)$[.......$$)#...#
#..8...8..#}@.........(=#...# #.........#.(v...v.....}#...#
##'####'#######.....######'## #...#.....#...###'###...#...#
#...#..8..'.8...^.^...8.#...# #?(.#.....#.............#...#
############'#######'''#######'## ...##|...(##...###.......###...##
...##.....#..8.....8...8.....8..# Turn 79223 on Crypt:3: oh
,,,**,,,,)v,*,,,,,,###.,,,,**,,,* ,,,**,,,,,.##,*,,,#.#..,,,,**,,,*
,,,,,,,,,,,..##**#....(,,,,,,,,,, ,,,,,,,,,,,,...##).....,,,,,,,,,,
,,,,,,,,,,,,,........,,,,,,,,,,,, ,,,**,,,,,,,,,)..).,,,,,,,,**,,,,
,******,,,,,,,#..#,,,,,,,******,, **,,,,***,,,,*#..#*,,,,***,,,,***
,,,,,,,,******#.@#******,,,,,,,,* ,,,,,,,,* #).# *,,,,,,,,, **,,,,*** #.)#
***,,,,*** ****** #).# ****** ###############..################
...#......'........#.......+..... ...'......#....)...#.......#.....
...#......#...[)...'.......#..... ##'####'#######'#########'##'#### Turn 84670
on Elf:3: oops *,,,**,,,,,.##,*,,,#.#..,,,,**,,,
,,,,,,,,,,,,..##**#e...(,,,,,,,,, ,,,,,,,,,,,,,...##).....,,,,,,,,,
,,,,,,,,,,,,,,........,,,,,,,,,,, ,,,,**,,,,,,,,,)..).,,,,,,,,**,,,
,,******,,,,,,,#..#,,,,,,,******, ***,,,,***,,,,*#..#*,,,,***,,,,**
*,,,,,,,,******#.)#******,,,,,,,, ,,,,,,,,,* #@.# *,,,,,,,, ***,,,,*** #.)#
***,,,,** ****** #).# ****** ################..###############
....#......'........#.......+.... ....'......#....)...#.......#....
....#......#...[)...'.......#.... ###'####'#######'#########'##'###
................)................ Turn 84678 on Elf:3: Sick ****** #).# ******
################..############### ....#......'........#.......+....
....'......#....)...#.......#.... ....#......#...[)...'.......#....
###'####'#######'#########'##'### ................)................
................)................ ################@))##############
≈≈≈≈≈≈≈≈≈≈≈≈≈≈≈≈...≈≈≈≈≈≈≈≈≈≈≈≈≈≈ ≈≈≈≈≈≈≈≈≈≈≈≈≈))≈...≈≈≈≈≈≈≈≈≈≈≈≈≈≈
................................. ................).......^........
................................. .................................
##############[..#####.######.### ##....# ##.## #.# Turn 84825 on Elf:3:
......... ≈≈#..#...# #...........)........ †≈#..#...# *#...##....)).#......
≈≈#..+...# ##...##....).##.#...# ≈≈#..#...# #..........).).#####) ≈≈#..#...#
##..............).##). ≈≈#..##'## #.....................
≈≈#..'...###.....##.........)..). ≈≈#..#...##....######.......#..#.
≈≈#..#...##..###@..|###....##).## ≈≈#..#...##'##...}..).#######.)##
≈≈#..#...##.|.}.)./.)(# #).# ≈≈#..#...#######.:..### #.)# ≈≈#..#...# ###### #).#
≈≈#..#...####################..## ≈≈##'##....'.....#......'........
≈##..)##...#.....'......#....)... ##.)...##..#.....#......#...[)... Turn 85071
on Elf:3: hell yeah #..+...# ##...##....).##.#...#.# #..#...#
#..........).).#####).. #..#...# ##..............).##)... #..##'##
#.....................). #..'...###.....##.........)..)...
#..#...##....######.......#..#... #..#...##..###|..|###....##).##..
#..#...##'##...}..).#######.)#### #..#...##.|.}.).@.)(# #).#
#..#...#######....### #.)# #..#...# ###### #).#
#..#...####################..#### ##'##....'.....#......'........#.
#..)##...#.....'......#....)...#. .)...##..#.....#......#...[)...'.
).....#+######'####'#######'##### ..8..)#....................)..... Turn 85082
on Elf:3: gross ### #.)..≈≈#..#...##.|.}.).[.)( # #.<..≈≈#..#...#######....## #
#....≈≈#..#...# ###### # #...[≈≈#..#...############# ###
##...≈≈≈##'##....'.....#.... ..####....≈≈##..)##...#.....'....
...##.#..≈≈##.)...##..#.....#.... ....'##..≈≈#.).....#+######'####'
....###..≈≈#...8@.)#............. ....###..≈≈#....[..'.............
....'....≈≈##.))..############### ....####..≈≈##...##≈≈≈≈≈≈≈≈≈≈≈≈≈≈
...#'###..≈≈≈#####≈≈≈≈≈≈≈≈≈≈≈≈≈≈≈ ..###.###..≈≈≈≈≈≈≈≈≈............. ###
##.##....≈≈≈≈≈............... # ##.###...................... #
##.#####+###............... Turn 85403 on Elf:3: ... ##...#..J.J.... #...
.......#.. #......J..#... ##... JJ....... #J.J..J.J...... #...JJ#........
#J.......... #..@....... ##....#.... #....# . ##..... #....#. ...... .. .....##
. .>..## Turn 85994 on Slime:1: hmm ##...#..☼°○v.○☼ #... °○○°○°○#J○
#...°○vv○v#☼°v ##... vv○vv○°°J #..vv☼.°☼v°○○v○ #..v.°#○.vvvv○v #....vv○v☼v○
#..@....... ##.v..#.... #....# . ##..... #....#. ...... .. .....## . .>..## Turn
86001 on Slime:1: haha yes! ##### ###....##### ##.....#....## #............####
................###### .......@.............## ......................##
............v..........# ......vv..v.°..........# ............§.§.........
......v.....§.§....≈.... ........§J.v°§....≈..... .........J§JJ°.....≈....
.....................v. Turn 87821 on Slime:5: lol owned .................v...
.............v...... ................... .........v........ .................
............ ## ### ........... #. ##$## ..........°. (( #.##?@:## ............
)[##..##.}!###........... |[?........)##..........^ ))......[[..##...........
!.)....:.(.###........... ..........####........... ...........#.............
.............#........... ..........####........... Turn 88072 on Slime:5: >:(
......... ........ ....... .. #####.#### . ##!##..##.## .. ##((.#.##.[:## ..
##[)[##..##.}!###. #@||[.........)##. #..))......[[..##. ##(..)....:.(.###. ..##
##..........####. .....#............#... #................#. ####..........####.
##........}.[.###. #..))......).).##. Turn 88165 on Slime:5: >:(
##.........<............ ##..................... ##.....................
#.....................# #....................## ##....................##
#...................###! ##....................##. #.......@............####
#..^.................#### #.......................# #.....................#..
##....................### ##..................#### #...................# #.
####................###. #.................### Turn 88600 on Slime:5: cool ##
##.### ### ####....#... ##...)....## ..§§≈≈.@§≈.# [.≈§≈≈≈.§≈°☼# .)§§§≈§v§v○○R#
(.≈≈§☼☼☼°☼○°○# #.)≈≈≈☼○v○v≈○# .[..≈☼°§≈°☼○.v. .#...°☼°§§○##.) ..#†☼○○○vv# .. ○
Turn 90500 on Depths:1: sup §§§≈§§≈.### #...## ≈§≈≈≈≈≈.### #####Q# ≈≈§≈≈§....##
.....# ≈≈≈§≈)##((.## #./..# ([.)..#[...[# #....# ..[#..#.#...###....#####
........[............... ..^.....##.............. ................@.......
..##.......###.....##### ####.#......###....# ##..####....# #....# .(....####..#
#....# ........##..# #...## ##..........# #..## #..[.....# #.##
..##.....[..###.# Turn 91264 on Depths:1: oh # ... ..# ########.##...## ..
..#............# .# .).## ##)....... .# <)§.###.#..._... .# §≈§..#[#........ .#
§≈≈§.[#.##.....##.# §≈§§≈.### #...##..# ≈≈≈≈≈.### #####@# §≈≈§....## #.....#
≈§≈)##((.####....# .)..#[...[# #....# [#..#.#...###....######
......[................ ^.....##............... .......................
##.......###.....###### Turn 91320 on Depths:1: ooho
...#....[..##..#...#.#....## .........#.###(#...#.......#
....#......#.######.##.....# #..#..[....#...#...#..#....#
...#..#.)..#(..##..#...#...# .. #......#.....##.#...##..#
#######.|.###.#########.# #.....#...##(#...##..# ##...#@..##..#...#...#
#...#...#(..#..#..>.## ###.#.######.##.....## ##.##.#...#...>...##
##..#...#.#....⌠## #(..#..#....∩#.#.# ####.##.>.###...## #...#....#..[)(#..
#...#.#.#....)#... Turn 95432 on Depths:2: ick ### ###'.####.##.'.....#
###########.# #.####.....# .'...'..'...# #.# #.....# .#...#..##### #.####.∩...#
.#...#### ######....####### .##### #.........# ## ######.#### ##'##### ####
#.@....# ...# #......# .#.# #......# .#.# #.v>...# .#.## #####......# .##)#
#...<..†.°.# #.#.# #......v...# #.#.# #....v.....# #.#†# #..v..).)..# Turn 99581
on Depths:4: lol ...,,,,,,,,,.......)...<<........
...,,,,,,,,,........).<.)<....... ...,,,,,,,,,...........<<........
######*****#########).........### .....## ##............).....#** ......##
##..........#........#*, ###....###....#####..#....###...,
#..#....#....#..###..#....#**..., }...#.......#...@##..#....#*,,..,
.....#...^.#......#..#....#*,,,,, .....#.....#......#..#....##.....
....##.....##....#...#....##....# #..####...####..#....#,,,,*#....# .##* #[....#
###....##,,,,*#....# .* #.....# #...##*,,,,*#....# ,*** #)(..}#
###....##....##....# *,,**##..(####..#....#....##....# Turn 105782 on Vaults:5:
>:(

Levels and vault maps discovered:
D:1:      tarquinn_simple_flora_water_a, layout_rooms
D:2:      layout_rooms, serial_bayou_lagoon_a
D:3:      layout_basic, minmay_bisected
D:4:      layout_rooms
D:5:      layout_basic
D:6:      layout_layer_cave, serial_shops, shop_statue, grunt_ministairs_1,
          uniq_sigmund
D:7:      layout_rooms, minmay_temple_entry_junction
D:8:      old_forge, layout_loops_ring, uniq_erica
D:9:      layout_irregular_city, grunt_temple_overflow_open, erik_orc_4
D:10:     layout_small_grid, serial_shops, nicolae_shop_trees
D:11:     gammafunk_beogh_shrine, layout_basic, lair_entry_dummy, basic_altar,
          special_room [special_room_bee]
D:12:     layout_basic, uniq_erolcha
D:13:     layout_stronghold, david_vaults_1,
          portal_ice_cave_entry_animals_and_master, gammafunk_ghost_smash
D:14:     lemuel_ice_statue, layout_loops_ring, roderic_roman_lattice
D:15:     grunt_enter_depths_snipers, layout_loops_corners,
          nicolae_alphabet_shops
Temple:   dpeg_five_rooms_temple
Lair:1:   layout_layer_cave, serial_rivers, chequers_serial_rivers_large_b,
          chequers_serial_rivers_room_b, chequers_serial_rivers_room_a,
          chequers_serial_rivers_small_a, dpeg_stationary_puzzle,
          serial_bayou_shore_b, infiniplex_staircase_pool,
          minmay_lair_oklob_chamber
Lair:2:   layout_regular_city, lemuel_fruit_tree, infiniplex_staircase_pool_2
Lair:3:   layout_regular_city, elwin_shoals_entry_stream,
          grunt_forest_small_clearings, serial_bayou_pond_b, minivault_24
Lair:4:   layout_regular_city, nicolae_spider_entry_tight_spaces,
          grunt_megastairs_1
Lair:5:   gammafunk_indiana_jones, layout_gridlike, grunt_megastairs_5
Lair:6:   hangedman_lair_caniforms_friends, layout_cave_pods, wormcave,
          minmay_slime_entry_oklob_open, grunt_megastairs_3
Shoals:1: cheibrodos_shoals_baths, layout_shoals
Shoals:2: layout_shoals, uniq_polyphemus
Shoals:3: cheibrodos_shoals_gigantism, layout_shoals, serial_shops,
          shop_fountains
Shoals:4: shoals_end_grunt_ice, layout_shoals, nicolae_shoals_dead_sea_scrolls,
          uniq_nikola, uniq_bai_suzhen
Spider:1: layout_spider_delve, spiders_nest_spider_trap, uniq_kirke
Spider:2: layout_spider_delve, nicolae_spider_webbed_stairs
Spider:3: layout_spider_delve
Spider:4: grunt_spider_rune_island
Slime:1:  layout_caves
Slime:2:  layout_caves, dissolution_awaits
Slime:3:  layout_caves
Slime:4:  layout_caves
Slime:5
Orc:1:    layout_caves, uniq_harold
Orc:2:    st_orc_congregation, layout_diamond_mine, serial_shops, shop,
          small_statue_alley_c
Elf:1:    eino_elf_arrival_customs, layout_gridlike, minmay_elf_crystal_heptagon
Elf:2:    layout_onion_city, ebering_ghost_gozag, hangedman_feature_mirror,
          onia_ninara_cookie
Elf:3:    minmay_elf_hall_spiked, layout_geoelf_castle
Vaults:1: v_rooms_2, hangedman_vaults_slice, dpeg_vaults_monster_row,
          nicolae_vaults_little_squares_2, nicolae_vaults_network_s,
          vaults_room_door_hall, nicolae_vaults_little_squares_1,
          ontoclasm_vaults_claustrophobia, v_misc_5, vaults_room_door_ring,
          nicolae_vaults_quadrants, vaults_room_semicircle, v_misc_14,
          nicolae_vaults_ring_of_whatevers, layout_vaults_ring
Vaults:2: advil_vaults_ghost_guards, hangedman_vaults_corner_blocks,
          nicolae_vaults_little_squares_3, vaults_room_ringed_pool,
          nicolae_vaults_little_squares_6, vaults_room_hangedman_quadrants,
          nicolae_vaults_big_angled_halls, v_rooms_5, grunt_vaults_twisty,
          ontoclasm_vaults_loading_screen, ontoclasm_vaults_gateway,
          nicolae_vaults_bisected_exclaves, layout_vaults_omnicross,
          serial_shops, shop, shop_coins, shop, shop
Vaults:3: nicolae_vaults_back_hallway, nicolae_vaults_twisting_passages,
          nicolae_vaults_network_star, nicolae_vaults_circle_grid_a, v_misc_9,
          vaults_mumra_hex, ontoclasm_vaults_ring_small, layout_vaults_omnigrid,
          minmay_crypt_entry_skeletal_spiral, serial_shops, shop
Vaults:4: hangedman_vaults_unwind, vaults_room_grid, vaults_room_octagon,
          vaults_room_grid, st_lines, nicolae_vaults_little_squares_1,
          vaults_room_pools, vaults_standard_mumra_lines,
          nicolae_vaults_little_squares_3, layout_vaults_big_room, serial_shops,
          shop
Vaults:5: serial_shops
Crypt:1:  layout_chaotic_city, ebering_ghost_gozag, corexii_leaking_fountain
Crypt:2:  layout_rooms
Crypt:3:  due_elkab, layout_chaotic_city, tomb_entry_shell_bobbens, minivault_4,
          door_vault, uniq_frederick
Depths:1: layout_twisted_cross, hell_entry, lemuel_round_altar, pan_entry,
          nicolae_two_hexagons, kennysheep_doodads, lightli_corner_chamber,
          minmay_shop_grove, firewood_loft, infiniplex_staircase_pool_lava,
          uniq_mara
Depths:2: hangedman_pleasuredromes, hell_entry
Depths:3: kennysheep_cluttered_fort, layout_honeycomb,
          gammafunk_ghost_mausoleum, rand_demon_pan_entry_3,
          minmay_misc_feat_tower, hangedman_geh_valley,
          hangedman_abyss_entry_splay, minmay_staircase_bubble,
          serial_bayou_shore_b, uniq_boris
Depths:4: minmay_spiral_squares, layout_gridlike, abyss_entry,
          ashenzari_altar_1, pf_coc_iceberg
Depths:5: grunt_zot_entry_tricorne, layout_gridville, enter_ziggurat_f,
          tso_metal_star, hell_entry, abyss_entry, serial_shops,
          nicolae_shop_waterfront
Zot:1:    layout_basic
Zot:2:    layout_misc_corridors
Zot:3:    layout_gridlike, hangedman_zot_decor_unnerving_road,
          hangedman_zot_decor_scrapings
Zot:4:    layout_misc_corridors
Zot:5:    layout_misc_corridors, grunt_ministairs_7

Skill      XL: |  1  2  3  4  5  6  7  8  9 10 11 12 13 14 15 16 17 18 19 20 21 22 23 24 25 26 27 |
---------------+----------------------------------------------------------------------------------+-----
Conjurations   | 2 3 4 5 7 8 10 12 13 14 15 16 17 18 19 20 21 22 23 26 | 26.3
Fire Magic     | 4 5 7 8 9 10 11 12 13 14 15 16 17 18 19 20 23 | 23.5
Spellcasting   | 3 4 5 6 7 8 9 10 11 13 14 15 16 17 18 19 22 | 22.4
Evocations     | 1 2 3 4 5 6 7 |  7.4
Dodging        | 3 4 5 6 8 10 12 15 | 15.0
Fighting       | 1 2 4 6 8 10 12 13 14 | 14.5
Stealth        | 3 4 5 6 |  6.0
Armour         | 2 3 4 5 6 |  6.5
Air Magic      | 3 5 7 8 |  8.1
Translocations | 4 5 6 7 12 | 12.5
Shields        | 3 5 6 7 9 |  9.3
Necromancy     | 1 2 |  2.5
Ice Magic      | 1 9 |  9.3
Transmutations | 11 | 11.2
Poison Magic   | |  0.8

Action                   |  1- 3 |  4- 6 |  7- 9 | 10-12 | 13-15 | 16-18 | 19-21 | 22-24 | 25-27 || total
-------------------------+-------+-------+-------+-------+-------+-------+-------+-------+-------++-------
Melee: Short sword       |    14 |       |       |       |       |       |       |       |       ||    14
       Unarmed           |     2 |       |       |       |       |       |       |       |       ||     2
       Dagger            |       |    17 |    12 |    60 |    11 |       |       |       |       ||   100
       Staff             |       |       |       |       |    32 |    13 |    46 |    14 |    71 ||   176
       Demon trident     |       |       |       |       |       |       |     3 |       |       ||     3
 Cast: Foxfire           |    60 |    95 |   164 |       |       |       |       |       |       ||   319
       Sticky Flame      |       |     1 |     7 |    35 |    31 |    11 |    31 |       |       ||   116
       Conjure Flame     |       |     1 |       |       |       |       |       |       |       ||     1
       Fireball          |       |       |     7 |   163 |    84 |    90 |   247 |    12 |     5 ||   608
       Magic Dart        |       |       |    11 |    48 |    20 |    26 |       |     7 |     1 ||   113
       Lightning Bolt    |       |       |       |     4 |     6 |     3 |     3 |       |       ||    16
       Starburst         |       |       |       |    14 |   149 |   148 |   182 |    46 |    72 ||   611
       Orb of Destructio |       |       |       |       |   104 |   256 |   179 |   136 |   122 ||   797
       Iskenderun's Batt |       |       |       |       |     1 |       |       |       |       ||     1
       Blink             |       |       |       |       |       |     3 |     8 |     9 |    52 ||    72
       Fire Storm        |       |       |       |       |       |       |       |   224 |   720 ||   944
       Alistair's Intoxi |       |       |       |       |       |       |       |     1 |       ||     1
       Animate Dead      |       |       |       |       |       |       |       |       |    14 ||    14
       Dispersal         |       |       |       |       |       |       |       |       |     7 ||     7
       Freezing Cloud    |       |       |       |       |       |       |       |       |     6 ||     6
       Ignition          |       |       |       |       |       |       |       |       |     2 ||     2
 Abil: Stop Flying       |       |       |       |       |       |     1 |       |       |       ||     1
       Evoke Flight      |       |       |       |       |       |     1 |       |       |       ||     1
Evoke: Wand              |       |     5 |    10 |    29 |    33 |    60 |    48 |    14 |    81 ||   280
       Tin of tremorston |       |       |       |       |     4 |     1 |     6 |     2 |       ||    13
       Phantom mirror    |       |       |       |       |       |       |     1 |       |     2 ||     3
       Lightning rod     |       |       |       |       |       |       |       |     2 |     9 ||    11
       Phial of floods   |       |       |       |       |       |       |       |     2 |     5 ||     7
       Condenser vane    |       |       |       |       |       |       |       |     1 |     5 ||     6
       Box of beasts     |       |       |       |       |       |       |       |     1 |     1 ||     2
  Use: Potion            |     4 |       |     1 |     4 |     5 |     6 |    18 |     5 |    18 ||    61
       Scroll            |     4 |    11 |     9 |     8 |    12 |    16 |    23 |    13 |    47 ||   143
 Stab: Sleeping          |     1 |       |       |     2 |       |     1 |       |       |       ||     4
       Paralysed         |       |       |       |    10 |    17 |       |    10 |       |       ||    37
Armor: Robe              |     9 |     5 |    27 |       |       |       |       |       |    27 ||    68
       Leather armour    |       |       |       |    43 |    44 |    19 |   186 |    15 |    38 ||   345
Dodge: Dodged            |    67 |    38 |    50 |    83 |   117 |    55 |   150 |    30 |   137 ||   727
Block: Other             |       |       |       |       |       |     6 |       |       |       ||     6
       Reflection        |       |       |       |       |       |    26 |    17 |     2 |    24 ||    69
       Buckler           |       |       |       |       |       |    30 |   137 |    27 |   127 ||   321

Table legend: (Time is in decaauts)
 A = Elapsed time spent in this place.
 B = Non-inter-level travel time spent in this place.
 C = Inter-level travel time spent in this place.
 D = Time resting spent in this place.
 E = Time spent auto-exploring this place.
 F = Levels seen in this place.
 G = Mean time per level.
                   A        B        C        D        E       F      G
               +--------+--------+--------+--------+--------+-----+--------+
         Total | 118211 | 110138 |   8073 |  43194 |  49416 |  59 | 2003.6 |
       Dungeon |  24392 |  21838 |   2554 |   5415 |  12995 |  15 | 1626.1 |
        Temple |    133 |     77 |     56 |      0 |     73 |   1 |  133.0 |
          Lair |  16287 |  15121 |   1166 |   6430 |   6888 |   6 | 2714.5 |
        Shoals |   6681 |   6410 |    271 |   2219 |   3193 |   4 | 1670.2 |
   Spider Nest |   7278 |   6944 |    334 |   3937 |   2095 |   4 | 1819.5 |
    Slime Pits |   3827 |   3530 |    297 |   1213 |   1618 |   5 |  765.4 |
  Orcish Mines |   3699 |   2829 |    870 |    793 |   1509 |   2 | 1849.5 |
   Elven Halls |   9169 |   8544 |    625 |   3502 |   3201 |   3 | 3056.3 |
        Vaults |  16015 |  15214 |    801 |   4940 |   7720 |   5 | 3203.0 |
         Crypt |   7493 |   7187 |    306 |   3662 |   2538 |   3 | 2497.7 |
        Depths |  12643 |  12015 |    628 |   5432 |   4867 |   5 | 2528.6 |
           Zot |   9689 |   9528 |    161 |   5175 |   2434 |   5 | 1937.8 |
      Ice Cave |    900 |    900 |      0 |    474 |    284 |   1 |  900.0 |
               +--------+--------+--------+--------+--------+-----+--------+

Top non-repeatable levels by time:
  Lair:6: 4230 daAuts
 Crypt:3: 4038 daAuts
Depths:4: 3773 daAuts
Vaults:5: 3622 daAuts
Vaults:3: 3374 daAuts
   Elf:1: 3254 daAuts
Vaults:1: 3163 daAuts
Vaults:4: 3134 daAuts
   Orc:2: 3053 daAuts
   Elf:2: 3053 daAuts
    D:13: 2931 daAuts
  Lair:3: 2878 daAuts
   Elf:3: 2861 daAuts
    D:11: 2858 daAuts
   Zot:5: 2811 daAuts
